 Dungeon Crawl Stone Soup version 0.29-a0-271-gd4eb659eea (webtiles) character file.

Game seed: 16001274666274561048

30 zazu2006 the Magician (level 3, -4/28 HPs)
             Began as a Naga Hedge Wizard on Mar 8, 2022.
             Slain by an ogre
             ... wielding a +0 giant club
              (32 damage)
             ... on level 2 of the Dungeon.
             The game lasted 00:02:46 (1501 turns).

zazu2006 the Magician (Naga Hedge Wizard)           Turns: 1501, Time: 00:02:47

Health: -4/28      AC:  3    Str: 12    XL:     3   Next: 18%
Magic:  4/8        EV: 10    Int: 16    God:
Gold:   64         SH:  0    Dex: 10    Spells: 0/9 levels left

rFire   . . .      SeeInvis +   c - +0 falchion
rCold   . . .      Faith    .   (no shield)
rNeg    . . .      Spirit   .   b - +0 robe
rPois   +          Reflect  .   g - +0 helmet
rElec   .          Harm     .   (no cloak)
rCorr   .          Rampage  .   (no gloves)
Will    .....                   (no barding)
Stlth   ++........              (no amulet)
HPRegen 0.09/turn               (no ring)
MPRegen 0.11/turn               (no ring)

@: very slow
A: AC +1, large, see invisible, deformed body, poison resistance, slowness 2,
spit poison 1, naga tail 1
a: Spit Poison


You were on level 2 of the Dungeon.
You visited 1 branch of the dungeon, and saw 2 of its levels.

You collected 64 gold pieces.

Inventory:

Hand Weapons
 a - a +0 dagger
 c - a +0 falchion (weapon)
Armour
 b - a +0 robe (worn)
 g - a +0 helmet (worn)
Scrolls
 e - a scroll of brand weapon {unknown}
 f - a scroll of magic mapping {unknown}
 h - 2 scrolls of identify {unknown}
 i - a scroll of fog {unknown}
 j - a scroll of teleportation {unknown}
Potions
 d - a potion of magic


   Skills:
 + Level 0.2 Fighting
 + Level 1.8 Dodging
 + Level 3.1 Stealth
 + Level 3.7 Spellcasting
 + Level 1.1 Conjurations
 + Level 1.0 Summonings
 + Level 1.0 Translocations


You couldn't memorise any spells.
You knew the following spells:

 Your Spells              Type           Power      Damage    Failure   Level
a - Magic Dart            Conj           24%        1d4       11%         1
b - Mephitic Cloud        Conj/Pois/Air  4%         N/A       41%         3
c - Conjure Flame         Conj/Fire      4%         6-21      38%         3
d - Blink                 Tloc           12%        N/A       17%         2

Your spell library contained the following spells:

 Spells                   Type           Power      Damage    Failure   Level
 Apportation              Tloc           12%        N/A       12%         1
 Summon Small Mammal      Summ           24%        N/A       12%         1
 Animate Skeleton         Necr           4%         N/A       17%         1
 Slow                     Hex            8%         N/A       17%         1
 Call Imp                 Summ           6%         N/A       17%         2


Dungeon Overview and Level Annotations

Branches:
Dungeon (2/15)

Altars:


Innate Abilities, Weirdness & Mutations

Your serpentine skin is tough. (AC +1)
You have supernaturally acute eyesight. (SInv)
Armour fits poorly on your strangely shaped body.
Your system is resistant to poisons. (rPois)
You cover ground very slowly.
You can spit poison.
You have a snake-like lower body.


Message History

An ogre comes into view. It is wielding a +0 giant club.
The ogre shouts!
Casting: Magic Dart (safe; 11% risk of failure)
Confirm with . or Enter, or press ? or * to list all spells.
The spell is extremely dangerous to miscast (41% risk of failure)!
Continue anyway?
Aiming: Mephitic Cloud (extremely dangerous; 41% risk of failure)
Press: ? - help, Shift-Dir - straight line, f - ogre
Aim: an ogre, wielding a +0 giant club (chance to affect: 77%)
The ball explodes into a vile cloud!
The stinking cloud engulfs the ogre but does no damage.
The ogre is engulfed in noxious fumes.
The ogre appears confused.
Aiming: Spit Poison (2% risk of failure)
Press: ? - help, Shift-Dir - straight line, f/p - ogre
Aim: an ogre, wielding a +0 giant club (noxious fumes, confused, 97% to hit)
The splash of poison hits the ogre!
The ogre is moderately wounded.
The ogre is engulfed in noxious fumes.
The ogre appears confused.
The ogre closely misses you.
You slash the ogre!
The ogre is heavily wounded.
The ogre is engulfed in noxious fumes.
The ogre barely misses you.
You hit the ogre.
The ogre is severely wounded.
The ogre is engulfed in noxious fumes.
The ogre appears confused.
Casting: Mephitic Cloud (extremely dangerous; 41% risk of failure)
Confirm with . or Enter, or press ? or * to list all spells.
Aiming: Magic Dart (safe; 11% risk of failure)
Press: ? - help, Shift-Dir - straight line, f/p - ogre
Aim: an ogre, wielding a +0 giant club (severely wounded, confused, 100% to hit)
The magic dart hits the ogre.
The ogre is severely wounded.
The ogre laughs crazily.
You hit the ogre.
The ogre is almost dead.
You hit the ogre but do no damage.
The ogre is almost dead.
You have got your breath back.
The ogre hits you with a +0 giant club!!
Ouch! That really hurt!
You die...

#### ... #..
#..### #.#
####...O##.....
#......@...#
#..........#
#).........#
#####+####.# .#
#


You could see an ogre (confused).

Vanquished Creatures
  2 ball pythons (D:1)
  3 endoplasms (D:1)
  3 giant cockroaches (D:1)
  2 goblins (D:1)
  A hobgoblin (D:1)
  3 jackals (D:1)
  A bat (D:1)
  3 frilled lizards (D:1)
  6 kobolds (D:1)
  3 rats (D:1)
27 creatures vanquished.

Notes
Turn   | Place    | Note
-------+----------+-------------------------------------------
     0 | D:1      | zazu2006 the Naga Hedge Wizard began the quest for the Orb.
     0 | D:1      | Reached XP level 1. HP: 15/15 MP: 4/4
   162 | D:1      | Reached XP level 2. HP: 13/22 MP: 1/6
   439 | D:1      | Found a faded altar of an unknown god.
  1082 | D:1      | Reached XP level 3. HP: 28/28 MP: 1/8
  1474 | D:1      | Learned a level 3 spell: Mephitic Cloud
  1478 | D:1      | Learned a level 3 spell: Conjure Flame
  1481 | D:1      | Learned a level 2 spell: Blink
  1494 | D:2      | Noticed an ogre
  1501 | D:2      | Slain by an ogre

Illustrated notes

Levels and vault maps discovered:
D:1:      ncdulo_watergridlock, layout_basic, ebering_ecumenical_altar_mist,
          serial_bayou_pond_e
D:2:      layout_basic

Action                   || total
-------------------------++-------
Melee: Dagger            ||    18
       Falchion          ||     4
 Cast: Magic Dart        ||    57
       Mephitic Cloud    ||     1
 Abil: Spit Poison       ||     7
Armor: Robe              ||     6
Dodge: Dodged            ||     8

Table legend: (Time is in decaauts)
 A = Elapsed time spent in this place.
 B = Non-inter-level travel time spent in this place.
 C = Inter-level travel time spent in this place.
 D = Time resting spent in this place.
 E = Time spent auto-exploring this place.
 F = Levels seen in this place.
 G = Mean time per level.
                   A        B        C        D        E       F      G
               +--------+--------+--------+--------+--------+-----+--------+
         Total |   1700 |   1683 |     17 |     29 |   1412 |   2 |  850.0 |
       Dungeon |   1700 |   1683 |     17 |     29 |   1412 |   2 |  850.0 |
               +--------+--------+--------+--------+--------+-----+--------+

Top non-repeatable levels by time:
     D:1: 1691 daAuts
     D:2: 9 daAuts
